 Dungeon Crawl Stone Soup version 0.31.0-32-g396128a36d (webtiles) character file.

Game seed: 7727721285215095737

1689 cdecastro the Reanimator (level 9, -2/60 (70) HPs)
             Began as a Human Necromancer on Apr 11, 2024.
             Was a Follower of Hepliaklqana.
             Slain by a wight
             ... wielding a +0 long sword
              (16 damage)
             ... on level 6 of the Dungeon on Apr 15, 2024.
             The game lasted 00:20:49 (7437 turns).

cdecastro the Reanimator (Human Necromancer)        Turns: 7437, Time: 00:20:49

HP:   -2/60 (70)    AC:  3    Str:  9    XL:     9   Next: 2%
MP:   15/15         EV: 12    Int: 20    God:    Hepliaklqana [*.....]
Gold: 322           SH:  0    Dex: 13    Spells: 3/16 levels left

rFire   . . .        h - +6 scimitar (freeze)
rCold   . . .        (no shield)
rNeg    . . .        a - +0 robe
rPois   .            k - +0 helmet
rElec   .            (no cloak)
rCorr   +            (no gloves)
SInv    +            (no boots)
Will    .....        t - amulet of regeneration
Stlth   ++           l - ring of see invisible
HPRegen 1.10/turn    v - ring of resist corrosion
MPRegen 0.14/turn

%: no passive effects
@: heavily drained
A: reduced essence, explore regen
a: Renounce Religion, Recall Ancestor, Ancestor Identity


You were on level 6 of the Dungeon.
You worshipped Hepliaklqana.
Hepliaklqana was aware of your devotion.
You visited 2 branches of the dungeon, and saw 7 of its levels.
You also visited: Sewer.

You collected 322 gold pieces.

Inventory:

Hand Weapons
 h - a +6 scimitar of freezing (weapon)
 i - a +1 dagger of protection
 y - a +0 dagger of speed
 I - a +2 falchion of freezing
Missiles
 g - 12 poisoned darts
 x - 6 boomerangs
Armour
 a - a +0 robe (worn)
 k - a +0 helmet (worn)
 q - a +0 leather armour
 s - a +0 ring mail
 F - a +0 cloak
Magical Staves
 d - a staff of fire
 f - a staff of alchemy
Jewellery
 l - a ring of see invisible (left hand)
 t - an amulet of regeneration (around neck)
 v - a ring of resist corrosion (right hand)
 J - a +6 ring of strength
Talismans
 A - a granite talisman
 C - a blade talisman
Wands
 w - a wand of polymorph (9)
 G - a wand of mindburst (11)
Scrolls
 b - 2 scrolls of fear
 c - 3 scrolls of amnesia
 e - a scroll of teleportation {unknown}
 j - 2 scrolls of butterflies {unknown}
 o - a scroll of poison {unknown}
 p - a scroll of enchant weapon {unknown}
 r - a scroll of revelation
 K - a scroll of fog {unknown}
Potions
 m - 2 potions of attraction
 n - 2 potions of cancellation
 u - 3 potions of invisibility
 z - 2 potions of mutation
 B - 2 potions of curing
 D - a potion of heal wounds
 E - a potion of lignification {unknown}
 H - a potion of ambrosia {unknown}


   Skills:
 - Level 10.2 Fighting
 * Level 1.8 Long Blades
 - Level 2.0 Dodging
 + Level 3.7 Stealth
 - Level 4.0 Spellcasting
 - Level 10.4 Necromancy


You had 3 spell levels left.
You knew the following spells:

 Your Spells              Type           Power      Damage    Failure   Level
a - Necrotise             Necr           100%       1d9       1%          1
b - Vampiric Draining     Necr           45%        2d9       1%          3
c - Animate Dead          Necr           45%        N/A       1%          4
d - Curse of Agony        Necr           45%        N/A       4%          5

Your spell library contained the following spells:

 Spells                   Type           Power      Damage    Failure   Level
 Dazzling Flash           Conj/Hex       8%         N/A       36%         3
 Mephitic Cloud           Conj/Alch/Air  4%         N/A       36%         3
 Silence                  Hex/Air        2%         N/A       98%         5


Dungeon Overview and Level Annotations

Branches:
Dungeon (6/15)             Temple (1/1) D:4           Sewer (visited)

Altars:
Cheibriados
Elyvilon
Fedhas
Hepliaklqana
Makhleb
Okawaru
Qazlal
Ru
Trog
Vehumet
Yredelemnul

Annotations:
D:5 1 runed translucent door, AlmostFaded's ghost, weakling GnDe


Innate Abilities, Weirdness & Mutations

Your life essence is reduced to manifest your ancestor. (-10% HP)
You regain HP and MP as you explore.


Message History

The hound barely misses you.
Ealamassi hits the hound.
The hound dies!
You see here a hound corpse.
You now have 314 gold pieces (gained 9).
You now have 322 gold pieces (gained 8).
There is an open door here.
You open the door.
There is an open door here.
You see here 5 stones.
There is an open door here.
A wight is nearby!
The wight barely misses you.
You slash the wight!
The wight is moderately damaged.
The wight hits you with a +0 long sword!
You hit the wight.
The wight is heavily damaged.
The wight hits you with a +0 long sword!
Ealamassi hits the wight but does no damage.
You hit the wight.
The wight is lightly damaged.
Ealamassi hits the wight but does no damage.
You hit the wight but do no damage.
The wight is lightly damaged.
Ealamassi hits the wight but does no damage.
The wight closely misses you.
The wight hits you with a +0 long sword!
Ealamassi hits the wight but does no damage.
You slash the wight!
The wight is almost destroyed.
The wight hits you with a +6 scimitar!
* * * LOW HITPOINT WARNING * * *
You feel drained.
* * * LOW HITPOINT WARNING * * *
The wight hits you with a +0 long sword.
* * * LOW HITPOINT WARNING * * *
Ealamassi hits the wight but does no damage.
The wight hits Ealamassi with a +6 scimitar!
The wight hits you with a +0 long sword!
You die...

## #.###.#.#. ... #.#
#.#.#. ##'## #.###.#.#.
##...## #.##..#.##
##.....## #.##.##.#
##.......## #..#.##.#
#.........####.......##
+....z....'....(.......
#....z@....###....#####
.......R....# ##.#.#
##'#######..# ###.#
#..# #...# #..# #.###
#..# #.# #..# #<# #..#
#.# #.# #.#


You could see the friendly Ealamassi the ancestor and 2 wights.

Vanquished Creatures
  An ice beast (D:6)
  A centaur (D:6)
  2 brain worms (Sewer)
  5 scorpions
  3 wights (D:5)
  A howler monkey (D:6)
  Crazy Yiuf (D:3)
  A sleepcap (D:6)
  Ijyb (D:3)
  2 orc wizards
  2 gnolls (D:2)
  2 river rats (Sewer)
  8 adders
  A white imp (D:5)
  3 ufetubi
  2 dart slugs
  2 ribbon worms (D:4)
  8 orcs
  10 ball pythons
  8 bats
  10 endoplasms
  6 giant cockroaches
  A goblin (D:1)
  7 hobgoblins
  7 jackals
  2 quokkas
  6 frilled lizards
  13 kobolds
  14 rats
130 creatures vanquished.

Vanquished Creatures (collateral kills)
  2 centaurs (D:6)
  A jelly (D:5)
  A hound (D:6)
  An iguana (D:5)
  A gnoll (D:2)
  An endoplasm (D:1)
  A ball python (D:1)
  2 rats (D:1)
10 creatures vanquished.

Vanquished Creatures (others)
  5 ancestors
5 creatures vanquished.

Grand Total: 145 creatures vanquished

Notes
Turn   | Place    | Note
-------+----------+-------------------------------------------
     0 | D:1      | cdecastro the Human Necromancer began the quest for the
                  | Orb.
     0 | D:1      | Reached XP level 1. HP: 13/13 MP: 3/3
   202 | D:1      | Reached XP level 2. HP: 6/19 MP: 0/5
   498 | D:1      | Reached XP level 3. HP: 24/24 MP: 1/6
   537 | D:1      | Reached skill level 5 in Necromancy
  1203 | D:1      | Learned a level 3 spell: Vampiric Draining
  1731 | D:2      | Reached XP level 4. HP: 21/30 MP: 3/7
  2077 | D:2      | Found a faded altar of an unknown god.
  2645 | D:3      | Noticed Ijyb
  2706 | D:3      | Found a glowing drain.
  2710 | Sewer    | Entered a sewer
  2871 | Sewer    | Noticed a brain worm
  2886 | Sewer    | Killed a brain worm
  2887 | Sewer    | Reached XP level 5. HP: 35/35 MP: 4/8
  3198 | Sewer    | Reached XP level 6. HP: 15/41 MP: 0/9
  3417 | Sewer    | Reached skill level 10 in Fighting
  3417 | Sewer    | Reached skill level 10 in Necromancy
  3417 | Sewer    | Reached XP level 7. HP: 66/66 MP: 10/10
  3423 | Sewer    | Learned a level 4 spell: Animate Dead
  3525 | D:3      | Found a sacrificial altar of Ru.
  4033 | D:3      | Found a runed translucent door.
  4034 | D:3      | Noticed Crazy Yiuf
  4483 | D:4      | Found a staircase to the Ecumenical Temple.
  4753 | Temple   | Entered the Ecumenical Temple
  4774 | Temple   | Became a worshipper of Hepliaklqana the Forgotten
  4964 | D:5      | Entered Level 5 of the Dungeon
  5134 | D:5      | Found a burning altar of Makhleb.
  5135 | D:5      | Found a snail-covered altar of Cheibriados.
  5350 | D:5      | Reached XP level 8. HP: 64/72 MP: 8/13
  5434 | D:5      | Found a runed translucent door.
  5435 | D:5      | Noticed AlmostFaded's ghost (weakling GnDe)
  5589 | D:5      | Found a stormy altar of Qazlal.
  5765 | D:5      | Reached * piety under Hepliaklqana
  5815 | D:5      | Learned a level 5 spell: Curse of Agony
  6405 | D:3      | Killed Crazy Yiuf
  6520 | D:3      | Killed Ijyb
  7045 | D:6      | Reached skill level 1 in Long Blades
  7187 | D:6      | Reached XP level 9. HP: 30/63 MP: 15/15
  7437 | D:6      | Slain by a wight

Illustrated notes

Levels and vault maps discovered:
D:1:      kilobyte_arrival_exit_the_forest, layout_rooms, serial_corexii_hall,
          corexii_hall_statues_l, chequers_hall_statues_corner_a,
          minmay_strange_pillars
D:2:      layout_loops_corners, basic_ecumenical_altar
D:3:      wander_river, layout_basic, nicolae_ru_great_annihilating_truth,
          mainiacjoe_sewer_entry_somewhere_in_here_2, st_stairs_1,
          uniq_crazy_yiuf_cottage, uniq_ijyb
D:4:      layout_rooms, minmay_temple_entry_tees
D:5:      layout_gridville, nicolae_overflow_hidden_temple,
          jmf_multi_god_temple, ebering_ghost_sewer_d, dk_vineyard_2
D:6:      layout_loops_corners, ebering_dispersal_statue_hall,
          minmay_door_square
Temple:   nicolae_temple_bog_church

Skill      XL: |  1  2  3  4  5  6  7  8 |
---------------+-------------------------+-----
Necromancy     | 5 6 7 10 | 10.4
Fighting       | 10 | 10.2
Spellcasting   | 3 4 |  4.0
Stealth        | 3 |  3.7
Long Blades    | 1 |  1.8
Dodging        | |  2.0

Action                     |  1- 3 |  4- 6 |  7- 9 || total
---------------------------+-------+-------+-------++-------
  Melee: Unarmed           |    13 |       |       ||    13
         Punch             |     4 |     2 |     7 ||    13
         Dagger            |    96 |   149 |   299 ||   544
         Club              |     8 |       |       ||     8
         Short sword       |     1 |       |       ||     1
         Scimitar          |       |       |    29 ||    29
         Falchion          |       |       |     7 ||     7
  Throw: Dart              |       |       |    14 ||    14
   Cast: Necrotise         |    35 |     9 |       ||    44
         Vampiric Draining |       |    12 |    18 ||    30
 Invoke: Recall Ancestor   |       |       |     2 ||     2
  Evoke: Wand              |       |       |     2 ||     2
    Use: Potion            |       |     2 |       ||     2
         Scroll            |       |     6 |     4 ||    10
   Stab: Sleeping          |     3 |       |     4 ||     7
         Paralysed         |       |       |     1 ||     1
 Armour: Robe              |    74 |    95 |   220 ||   389
  Dodge: Dodged            |    89 |    81 |   213 ||   383
